 Dungeon Crawl Stone Soup version 0.31-a0-237-g2d982f9f85 (webtiles) character file.

Game seed: 11324461371036345159

264 qw the Shooter (level 6, -3/37 HPs)
             Began as a Gargoyle Hexslinger on July 10, 2023.
             Was an Initiate of Okawaru.
             Slain by a gnoll
             ... wielding a +0 halberd
              (9 damage)
             ... on level 4 of the Dungeon.
             The game lasted 00:01:13 (2322 turns).

qw the Shooter (Gargoyle Hexslinger)                Turns: 2322, Time: 00:01:13

Health: -3/37      AC: 11    Str: 18    XL:     6   Next: 19%
Magic:  7/7        EV: 11    Int: 13    God:    Okawaru [......]
Gold:   220        SH:  0    Dex: 14    Spells: 6/7 levels left

rFire   . . .        Y - +1 triple crossbow (flame)
rCold   . . .        (shield currently unavailable)
rNeg    + . .        b - +0 ring mail
rPois   inf          (no helmet)
rElec   +            (no cloak)
rCorr   .            (no gloves)
SInv    .            f - +1 pair of boots
Will    +....        (no amulet)
Stlth   +            d - ring of willpower
HPRegen 0.26/turn    l - +6 ring of strength
MPRegen 0.10/turn

%: no passive effects
@: no status effects
A: sickness immunity, AC +4, negative energy resistance 1, electricity
resistance, torment resistance 1, petrification resistance
a: Renounce Religion


You were on level 4 of the Dungeon.
You worshipped Okawaru.
Okawaru was noncommittal.
You visited 1 branch of the dungeon, and saw 4 of its levels.

You collected 220 gold pieces.


Innate Abilities, Weirdness & Mutations

You are immune to sickness and miasma.
Your stone body is resilient. (AC +4)
You are immune to poison.
You resist negative energy. (rN+)
You are resistant to electric shocks. (rElec)
You are resistant to unholy torment.
You are immune to petrification.


   Skills:
 - Level 3.0 Fighting
 + Level 5.6 Ranged Weapons
 - Level 1.0 Armour
 - Level 1.5 Dodging
 - Level 1.0 Spellcasting
 - Level 2.6 Hexes


You had 6 spell levels left.
You knew the following spells:

 Your Spells              Type           Power      Damage    Failure   Level
a - Slow                  Hex            28%        N/A       17%         1

Your spell library contained the following spells:

 Spells                   Type           Power      Damage    Failure   Level
 Inner Flame              Hex/Fire       4%         N/A       65%         3
 Portal Projectile        Hex/Tloc       8%         N/A       65%         3
 Cause Fear               Hex            3%         N/A       86%         4

Inventory:

Hand Weapons
 Y - a +1 triple crossbow of flaming (weapon)
Armour
 b - a +0 ring mail (worn)
 f - a +1 pair of boots (worn)
Jewellery
 d - a ring of willpower (left hand)
 l - a +6 ring of strength (right hand)
Scrolls
 i - 3 scrolls of identify
Potions
 e - a potion of might {unknown}
 g - a potion of lignification {unknown}
 h - a potion of curing {unknown}
 k - a potion of heal wounds {unknown}

Dungeon Overview and Level Annotations

Branches:
Dungeon (4/15)
 Temple: D:4-7

Altars:
Cheibriados
Dithmenos
Fedhas
Hepliaklqana
Okawaru


Message History

A gnoll comes into view. It is wielding a +0 club.
The gnoll shouts!
You hear a shout!
Enter note: You shoot a bolt.
The bolt hits the gnoll!!
The bolt burns the gnoll.
You kill the gnoll!
Okawaru accepts your kill.
You hear a shout!
A gnoll comes into view. It is wielding a +0 halberd. x2
You shoot a bolt. The bolt barely misses the gnoll.
The bolt hits the gnoll.
The bolt burns the gnoll.
The gnoll is moderately wounded.
The gnoll hits you from afar with a +0 halberd.
You shoot a bolt. The bolt hits the gnoll!!
The bolt burns the gnoll.
You kill the gnoll!
Okawaru accepts your kill. The gnoll closely misses you.
A gnoll comes into view. It is wielding a +0 halberd.
You shoot a bolt. The bolt barely misses the gnoll.
The gnoll misses you.
The gnoll hits you from afar with a +0 halberd.
You shoot a bolt. The bolt hits the gnoll.
The bolt burns the gnoll.
The gnoll is heavily wounded.
The gnoll hits you but does no damage. The gnoll closely misses you.
You shoot a bolt. The bolt hits the gnoll.
The bolt burns the gnoll.
The gnoll is severely wounded.
The gnoll barely misses you. The gnoll closely misses you.
The gnoll hits you from afar with a +0 halberd!
You shoot a bolt.
The bolt hits the gnoll but does no damage.
The gnoll is severely wounded.
The gnoll closely misses you.
The gnoll hits you from afar with a +0 halberd.
The gnoll hits you from afar with a +0 halberd!
The gnoll hits you from afar with a +0 halberd.
The gnoll closely misses you. x2
You shoot a bolt. The bolt closely misses the gnoll.
The gnoll hits you from afar with a +0 halberd.
The gnoll closely misses you. The gnoll barely misses you.
The gnoll hits you from afar with a +0 halberd!
You die...

.............
.##...#.##.#######
.................
.##...#.##.#..#####
..................#
......#.##.#.#..###
........##.#......# #
##...##....###.)###.#
#.....#.........@...#.#
..._.....######...g.....
#[....#....(......g...#.
##...##.#######.###...#
..... . #.# #..# #......
. #.# .).. ######.. #.#
.## ... #.# # .... #.#


You could see 2 gnolls.

Vanquished Creatures
  A sleepcap (D:4)
  Natasha (twice) (D:2)
  2 gnolls (D:4)
  9 adders
  A worm (D:3)
  2 dart slugs
  An orc (D:3)
  4 ball pythons
  5 bats
  9 endoplasms
  3 giant cockroaches
  7 goblins
  5 hobgoblins
  7 jackals
  8 kobolds
  5 quokkas
  3 frilled lizards
  6 rats
80 creatures vanquished.

Notes
Turn   | Place    | Note
-------+----------+-------------------------------------------
     0 | D:1      | qw the Gargoyle Hexslinger began the quest for the Orb.
     0 | D:1      | Reached XP level 1. HP: 12/12 MP: 2/2
     0 | D:1      | 0 ||| qw: Version: 0.3-a-52-g30416fa
     0 | D:1      | 0 ||| qw: Game counter: 5266
     0 | D:1      | 0 ||| qw: Melee chars always use a shield: true
     0 | D:1      | 0 ||| qw: God list: Okawaru
     0 | D:1      | 0 ||| qw: Allow faded altars: false
     0 | D:1      | 0 ||| qw: Do Orc after clearing Dungeon:15 true
     0 | D:1      | 0 ||| qw: Do second Lair branch before Depths: true
     0 | D:1      | 0 ||| qw: Lair rune preference: random
     0 | D:1      | 0 ||| qw: Goals: Normal
     0 | D:1      | 0 ||| PLANNING D:1-11
   121 | D:1      | Reached XP level 2. HP: 16/16 MP: 3/3
   144 | D:1      | 144 ||| FLEEEEING.
   173 | D:1      | Reached skill level 3 in Ranged Weapons
   499 | D:1      | Reached XP level 3. HP: 10/21 MP: 4/4
   773 | D:1      | 773 ||| UPGRADING to +0 pair of boots.
   778 | D:1      | 778 ||| UPGRADING to ring of willpower.
   779 | D:1      | 779 ||| DROPPING scroll of poison.
   934 | D:2      | Reached XP level 4. HP: 25/26 MP: 5/5
  1012 | D:2      | Reached skill level 4 in Ranged Weapons
  1092 | D:2      | Noticed Natasha
  1103 | D:2      | Killed Natasha
  1209 | D:2      | Reached XP level 5. HP: 30/30 MP: 6/6
  1327 | D:2      | Noticed Natasha
  1333 | D:2      | Killed Natasha
  1334 | D:2      | Reached skill level 5 in Ranged Weapons
  1392 | D:2      | 1392 ||| UPGRADING to +0 ring mail.
  1402 | D:2      | 1402 ||| DROPPING +0 robe.
  1403 | D:2      | 1403 ||| READING 2 scrolls labelled SEMEYCR VIERUQ.
  1404 | D:2      | 1404 ||| READING scroll of enchant armour.
  1404 | D:2      | 1404 ||| ENCHANTING +0 pair of boots.
  1405 | D:2      | 1405 ||| READING scroll labelled KINTIP HIEXUA.
  1406 | D:2      | 1406 ||| READING scroll labelled KUSU HUAPEU.
  1426 | D:3      | Found a hazy altar of Hepliaklqana.
  1435 | D:3      | 1435 ||| STAIRDANCE
  1582 | D:3      | Reached skill level 1 in Armour
  1591 | D:3      | Found a blossoming altar of Fedhas.
  1611 | D:3      | 1611 ||| SWAPPING to +0 orcbow.
  1615 | D:3      | 1615 ||| DROPPING +1 sling.
  1800 | D:3      | Found a shadowy altar of Dithmenos.
  2064 | D:3      | Reached skill level 3 in Fighting
  2150 | D:3      | 2150 ||| UPGRADING to +6 ring of strength.
  2151 | D:3      | 2151 ||| READING scroll labelled RIWALY YBULEUH.
  2151 | D:3      | Identified a scroll of acquirement
  2151 | D:3      | 2151 ||| ACQUIRING +1 triple crossbow of flaming
  2151 | D:3      | Acquired a +1 triple crossbow of flaming
  2153 | D:3      | 2153 ||| SWAPPING to +1 triple crossbow of flaming.
  2154 | D:3      | 2154 ||| DROPPING +0 orcbow.
  2155 | D:3      | 2155 ||| READING scroll labelled KYMESHREODEN.
  2210 | D:4      | Reached XP level 6. HP: 36/37 MP: 7/7
  2243 | D:4      | Found a snail-covered altar of Cheibriados.
  2276 | D:4      | Found an iron altar of Okawaru.
  2277 | D:4      | 2277 ||| PLANNING OKAWARU WORSHIP
  2284 | D:4      | Became a worshipper of Warmaster Okawaru
  2285 | D:4      | 2285 ||| PLANNING D:1-11
  2322 | D:4      | HP: 6/37 [gnoll/+0 halberd (4)]
  2322 | D:4      | Slain by a gnoll

Levels and vault maps discovered:
D:1:      dpeg_arrival_court, layout_loops_ring
D:2:      cheibrodos_helix_gallery, layout_rooms, uniq_natasha
D:3:      layout_loops_ring, amcnicky_altar_gilded,
          nicolae_hepliaklqana_hazy_memory, mainiacjoe_overflow_alcove_4,
          serial_bayou_lagoon_b
D:4:      layout_basic, nicolae_vehumet_altar_sigil, chei_slow_surprise,
          okawaru_gym_becter, gammafunk_ghost_arena, uniq_ijyb, uniq_pargi

Skill      XL: |  1  2  3  4  5 |
---------------+----------------+-----
Ranged Weapons | 3 4 5 |  5.6
Fighting       | 2 3 |  3.0
Armour         | 1 |  1.0
Dodging        | |  1.5
Spellcasting   | |  1.0
Hexes          | |  2.6

Action                     |  1- 3 |  4- 6 || total
---------------------------+-------+-------++-------
   Fire: Sling             |   143 |   111 ||   254
         Orcbow            |       |    38 ||    38
         Triple crossbow   |       |    23 ||    23
    Use: Scroll            |       |     6 ||     6
 Armour: Robe              |    47 |    15 ||    62
         Ring mail         |       |    37 ||    37
  Dodge: Dodged            |    50 |    62 ||   112

Table legend:
 A = Non-vault XP
 B = Vault XP
 C = Vault XP percentage of total XP
 D = Non-vault monster count
 E = Vault monster count
 F = Vault count percentage of total count
                 A         B        C        D         E       F
            +---------+---------+-------+---------+---------+-------
      Total |     328 |      50 |  13.2 |      77 |       3 |   3.8
            +---------+---------+-------+---------+---------+-------
        D:1 |      41 |       0 |   0.0 |      24 |       0 |   0.0
        D:2 |     124 |      50 |  28.7 |      24 |       3 |  11.1
        D:3 |      78 |       0 |   0.0 |      23 |       0 |   0.0
        D:4 |      85 |       0 |   0.0 |       6 |       0 |   0.0
            +---------+---------+-------+---------+---------+-------
